AoeStats
← Zfender

Black Forest

510898348Analyzed
2v2 RM · 16h ago on Oct 3, 2026· 49m 1s· 4 players
Game mode
Random Map
Map size
Medium (4 player)
Population
200
Speed
Normal
Resources
Standard
Victory
Conquest
Starting age
Dark Age
Ending age
Imperial Age
RankedLock teamsTeams togetherTeam positionsShared explorationLock speedFull tech treeHidden civsTurbo modeCheats
Victory
Defeat
🇭🇰 Burgundians · Hong Kong SAR China
940
+13
🇵🇪 Slavs · Peru
909
+15
🇨🇱 Bohemians · Chile
891
-14
🇨🇱 Spanish · Chile
874
-33
Zfender
12:09 Feudal Age
12:43 Horse Collar
13:34 Double-Bit Axe
18:07 Castle Age
16:02 Stone Mining
17:48 Gold Mining
19:12 Heavy Plow
20:45 Bow Saw
24:47 Wheelbarrow
25:11 Squires
25:40 Pikeman
27:21 Hand Cart
27:58 Town Watch
28:50 Detinets
31:36 Imperial Age
30:44 Gold Shaft Mining
30:11 Scale Mail Armor
30:21 Forging
30:33 Caravan
31:35 Chain Mail Armor
32:01 Town Patrol
32:55 Capped Ram
34:06 Conscription
34:25 Siege Ram
35:13 Druzhina
35:48 Masonry
36:42 Chemistry
37:01 Iron Casting
39:14 Two-Man Saw
40:22 Plate Mail Armor
40:53 Blast Furnace
40:06 Masonry
40:03 Halberdier
43:49 Hoardings
44:53 Heavy Scorpion
45:02 Elite Boyar
45:51 Scale Barding Armor
47:53 Ballistics
47:55 Chain Barding Armor
49:58 Plate Barding Armor
brain888hk
2:17 Loom
7:51 Double-Bit Axe
12:34 Feudal Age
11:18 Horse Collar
11:55 Gold Mining
14:30 Bow Saw
20:19 Castle Age
19:27 Wheelbarrow
18:37 Town Watch
20:27 Gold Shaft Mining
20:05 Scale Mail Armor
21:22 Squires
21:08 Arson
29:44 Hand Cart
29:29 Town Patrol
31:55 Scale Barding Armor
32:01 Forging
32:56 Fervor
33:07 Sanctity
35:22 Burgundian Vineyards
41:30 Imperial Age
39:25 Caravan
41:54 Heavy Plow
42:17 Chain Barding Armor
42:32 Iron Casting
43:59 Chemistry
43:19 Ballistics
42:55 Murder Holes
43:12 Fortified Wall
45:28 Conscription
44:30 Elite Coustillier
47:43 Plate Barding Armor
47:23 Chain Mail Armor
48:08 Blast Furnace
46:55 Onager
TurboChoripan
5:17 Loom
12:03 Feudal Age
15:46 Castle Age
14:01 Double-Bit Axe
14:40 Horse Collar
17:08 Bow Saw
23:08 Heavy Plow
24:31 Fervor
30:28 Imperial Age
29:06 Forging
29:57 Chemistry
29:20 Ballistics
30:01 Chemistry
31:21 Wagenburg Tactics
33:29 Siege Engineers
35:36 Heavy Scorpion
38:11 Masonry
42:19 Houfnice
Drakharl
12:31 Feudal Age
16:36 Wheelbarrow
18:41 Double-Bit Axe
18:39 Horse Collar
23:46 Castle Age
22:30 Gold Mining
22:34 Stone Mining
Connection lost

Rejoining the realm…

Still unreachable

The connection could not be restored.

Session expired

The server has moved on; the page needs a fresh start.